[Event "SS Manhem Chess Week 2019 Goteborg Open"]
[Site "Molnlycke kulturhus, Biblioteksgatan 2, Molnlycke, Sweden"]
[Date "2019.08.16"]
[Round "3.6"]
[White "Vypkhaniuk, Ihor"]
[Black "Carlsson, Ludvig"]
[Result "1/2-1/2"]
[TimeControl "15 minutes + 5 seconds per move from move one (Round 1 - 4) / 90 minutes + 30 seconds per move from move one (Round 5 - 8)"]
[WhiteTitle "FM"]
[BlackTitle "CM"]
[WhiteFideId "14112256"]
[BlackFideId "1727010"]
[WhiteElo "2405"]
[BlackElo "2234"]

1. Nf3 g6 2. g3 Bg7 3. Bg2 e5 4. d3 d5 5. O-O Ne7 6. Nbd2 O-O 7. c4 Nbc6 8. Rb1 a5 9. b3 h6 10.
cxd5 Nxd5 11. Bb2 Re8 12.
a3 b6 13. Nc4 Bb7 14. e4 Nf6 15. Ncxe5 Nxe5 16. Bxe5 Ba6 17. Rc1 c5 18. Rc3 Rxe5 19. Nxe5 Qd4 20. Nc4 Qxc3 21. e5 Rd8 22.
exf6 Bxf6 23. Nxb6 Qxd3 24. Nd5 Qxd1 25. Rxd1 Bd4 26. b4 axb4 27. axb4 Kg7 28. bxc5 Bxc5 29. Ne3 Re8 30. Ra1 Bd3 31. Rd1 Be4 32.
Bxe4 Rxe4 33. Rd3 Bxe3 34. fxe3 h5 1/2-1/2

[Event "SS Manhem Chess Week 2019 Goteborg Open"]
[Site "Molnlycke kulturhus, Biblioteksgatan 2, Molnlycke, Sweden"]
[Date "2019.08.16"]
[Round "3.7"]
[White "Arnelind, Mikael"]
[Black "Ahlander, Bjorn"]
[Result "0-1"]
[TimeControl "15 minutes + 5 seconds per move from move one (Round 1 - 4) / 90 minutes + 30 seconds per move from move one (Round 5 - 8)"]
[BlackTitle "IM"]
[WhiteFideId "1704290"]
[BlackFideId "1700251"]
[WhiteElo "2187"]
[BlackElo "2390"]

1. d4 Nf6 2. c4 e6 3. Nc3 Bb4 4.
e3 O-O 5. Bd3 d5 6. Nf3 c5 7. O-O Nc6 8. a3 Bxc3 9. bxc3 dxc4 10. Bxc4 Qc7 11. Qc2 e5 12. Bd3 Re8 13. dxe5 Nxe5 14.
Nxe5 Qxe5 15. f3 Be6 16. e4 c4 17. Be2 Qc5+ 18. Kh1 Nd7 19. a4 Ne5 20. Ba3 Qc6 21. Rfd1 Rad8 22. Rd4 Qc8 23.
f4 Nc6 24. f5 Nxd4 25. cxd4 Bd7 26. Bxc4 b5 27. Bd3 Qxc2 28. Bxc2 Rc8 29. Bc5 bxa4 30. e5 Rb8 31. h3 Rec8 32.
Bxa4 Bxf5 33. Ra2 Be6 34. Rd2 Bd5 35. Kh2 Rb7 36. Bd1 Rcb8 37. Bd6 Rb2 38. Bc2 R8b7 39. e6 Bxe6 40. Ba3 Ra2 41.
d5 Rxa3 42. dxe6 fxe6 43. Rd8+ Kf7 44. Bxh7 g6 45. Bg8+ Ke7 46.
Rc8 Kf6 47. Rf8+ Kg7 48. Re8 Re3 49.
Kg1 a5 50. Kf2 Re5 51. Bxe6 Kf6 0-1

[Event "SS Manhem Chess Week 2019 Goteborg Open"]
[Site "Molnlycke kulturhus, Biblioteksgatan 2, Molnlycke, Sweden"]
[Date "2019.08.16"]
[Round "3.9"]
[White "Andersson, Lars"]
[Black "Carlfors, Viktor"]
[Result "1-0"]
[TimeControl "15 minutes + 5 seconds per move from move one (Round 1 - 4) / 90 minutes + 30 seconds per move from move one (Round 5 - 8)"]
[WhiteFideId "1706772"]
[BlackFideId "1740725"]
[WhiteElo "2003"]
[BlackElo "1820"]

1. d4 d5 2. Bf4 Nf6 3. e3 c5 4.
c3 Nc6 5. Nd2 Bf5 6. Ngf3 e6 7.
h3 h6 8.
g4 Bg6 9. Bb5 Qb6 10. Qa4 Nd7 11. Ne5 Ndxe5 12. Bxe5 Rc8 13. dxc5 Qxc5 14. Bd4 Qd6 15. Qxa7 Qc7 16. Qb6 Qxb6 17.
Bxb6 Be7 18. f4 f5 19. Nf3 fxg4 20. hxg4 Be4 21. O-O O-O 22. Nd2 Bg6 23. Rae1 h5 24. g5 e5 25. Nb3 exf4 26.
exf4 Bd6 27. Rd1 Be4 28. Be3 Ne7 29.
Bd7 Rcd8 30. Be6+ Kh7 31. Nc5 b6 32. Nxe4 dxe4 33. Bxb6 e3 34. Bxe3 Nf5 35. Bxf5+ Rxf5 36. Rd3 Re8 37.
Rxd6 Rxe3 38. Rd4 Re2 39. Rf2 Re1+ 40. Kg2 Rb1 41. a4 Ra5 42.
f5 g6 43. Rd7+ Kg8 44. f6 Rxg5+ 45. Kh2 Rf5 46. Rxf5 gxf5 47. b4 f4 48. a5 Rb2+ 49. Kg1 h4 50. a6 Ra2 51. a7 1-0

[Event "SS Manhem Chess Week 2019 Goteborg Open"]
[Site "Molnlycke kulturhus, Biblioteksgatan 2, Molnlycke, Sweden"]
[Date "2019.08.16"]
[Round "3.10"]
[White "Alfredsson, Daniel"]
[Black "Hector, Jonny"]
[Result "0-1"]
[TimeControl "15 minutes + 5 seconds per move from move one (Round 1 - 4) / 90 minutes + 30 seconds per move from move one (Round 5 - 8)"]
[BlackTitle "GM"]
[WhiteFideId "1742205"]
[BlackFideId "1700090"]
[WhiteElo "1692"]
[BlackElo "2493"]

1. e4 e5 2. Bc4 Nf6 3. d3 c6 4.
Nf3 d5 5. exd5 cxd5 6. Bb5+ Bd7 7. Bxd7+ Nbxd7 8. O-O Bd6 9. Bg5 h6 10. Bh4 O-O 11. Re1 Re8 12. d4 e4 13. Nfd2 Qb6 14.
Nb3 Rac8 15. c3 Qc7 16. Bg3 Nf8 17. Nc5 Bxg3 18. hxg3 b6 19. Na6 Qd6 20. Nd2 e3 21. Rxe3 Rxe3 22.
fxe3 Qxg3 23. Qf3 Qg6 24. Nb4 Qg5 25. Qf4 Qg6 26. Qf3 Ne6 27. Rf1 Ng5 28. Qf5 Qxf5 29. Rxf5 Rd8 30. Nc6 Rd7 31.
Nf3 Nge4 32. Nfe5 Rc7 33. Nb4 g6 34. Rf3 Kg7 35. Ned3 a5 36. Nc2 Ng4 0-1

[Event "SS Manhem Chess Week 2019 Goteborg Open"]
[Site "Molnlycke kulturhus, Biblioteksgatan 2, Molnlycke, Sweden"]
[Date "2019.08.16"]
[Round "3.11"]
[White "Nilsson, Joakim"]
[Black "Andersson, Kjell-Ake"]
[Result "1-0"]
[TimeControl "15 minutes + 5 seconds per move from move one (Round 1 - 4) / 90 minutes + 30 seconds per move from move one (Round 5 - 8)"]
[WhiteTitle "FM"]
[WhiteFideId "1723383"]
[BlackFideId "1713825"]
[WhiteElo "2319"]
[BlackElo "1922"]

1. d4 Nf6 2. c4 e6 3. g3 Bb4+ 4. Bd2 Qe7 5. Bg2 Nc6 6.
Nf3 Bxd2+ 7. Nbxd2 d6 8. O-O O-O 9. Rc1 e5 10. d5 Nb8 11. e4 a5 12. Nh4 g6 13. Qe2 Na6 14. h3 Nc5 15.
Qe3 Bd7 16. b3 Kg7 17. a3 h6 18. b4 axb4 19. axb4 Na6 20. Qc3 Nh5 21. c5 Kh7 22. Nb3 Nf4 23. gxf4 Qxh4 24. fxe5 dxe5 25. Nd2 Bb5 26. Rfe1 Rae8 27.
Ra1 f5 28. Ra5 Bd7 29. c6 Bc8 30. b5 b6 31. Rxa6 Bxa6 32. bxa6 fxe4 33. Nxe4 Ra8 34. Qxe5 Rf7 35. Qe6 Rg7 36.
Nf6+ Kh8 37. Qe8+ Rg8 38. Qf7 Rg7 39. Re8+ 1-0

[Event "SS Manhem Chess Week 2019 Goteborg Open"]
[Site "Molnlycke kulturhus, Biblioteksgatan 2, Molnlycke, Sweden"]
[Date "2019.08.16"]
[Round "3.12"]
[White "Alharash, Feras"]
[Black "Ziegler, Ari"]
[Result "0-1"]
[TimeControl "15 minutes + 5 seconds per move from move one (Round 1 - 4) / 90 minutes + 30 seconds per move from move one (Round 5 - 8)"]
[BlackTitle "IM"]
[WhiteFideId "7604645"]
[BlackFideId "1700987"]
[WhiteElo "1882"]
[BlackElo "2300"]

1. d4 g6 2. Nf3 Bg7 3. c4 Nf6 4. Nc3 d6 5. e4 O-O 6. Be2 e5 7. O-O Nc6 8.
d5 Ne7 9. Qc2 Ne8 10. b4 a5 11.
Ba3 f5 12. exf5 gxf5 13. Rad1 Ng6 14. Rfe1 b6 15. Nb5 Bd7 16. Bf1 Kh8 17. Qd2 Qf6 18. Qb2 Rg8 19. Kh1 Bh6 20. bxa5 Rxa5 21.
Bb4 Ra8 22. Bd2 Bxd2 23. Qxd2 Rg7 24. Ra1 Bxb5 25. cxb5 Ra3 26. Re3 Rxe3 27. Qxe3 e4 28. Nd4 Ne5 29. Rc1 Ng4 30. Qd2 Qh4 31.
h3 Nxf2+ 32. Kg1 Nxh3+ 0-1

[Event "SS Manhem Chess Week 2019 Goteborg Open"]
[Site "Molnlycke kulturhus, Biblioteksgatan 2, Molnlycke, Sweden"]
[Date "2019.08.16"]
[Round "3.13"]
[White "Alfven, Jorgen"]
[Black "Pham, Bich Ngoc"]
[Result "0-1"]
[TimeControl "15 minutes + 5 seconds per move from move one (Round 1 - 4) / 90 minutes + 30 seconds per move from move one (Round 5 - 8)"]
[BlackTitle "WIM"]
[WhiteFideId "1715950"]
[BlackFideId "12401285"]
[WhiteElo "1871"]
[BlackElo "2176"]

1. d4 f5 2. Nc3 Nf6 3. Bg5 e6 4. e4 Be7 5. exf5 exf5 6.
Bd3 d6 7. Qe2 O-O 8. Nf3 h6 9. Bf4 Re8 10. O-O-O Bf8 11. Qd2 Ne4 12. Bc4+ Be6 13. Bxe6+ Rxe6 14. Qe1 Qe8 15. Nd5 Na6 16. Be3 Qa4 17. Kb1 Qc4 18.
Nf4 Nb4 19. Qxb4 Qxb4 20. Nxe6 Nc3+ 21. Ka1 Nxd1 22. Rxd1 Qc4 23. d5 Qxc2 24. Rc1 Qe4 25. Nxc7 Rc8 26. Bxa7 Qxd5 27. a3 Qa5 0-1

[Event "SS Manhem Chess Week 2019 Goteborg Open"]
[Site "Molnlycke kulturhus, Biblioteksgatan 2, Molnlycke, Sweden"]
[Date "2019.08.16"]
[Round "3.14"]
[White "Ottgard, Andreas"]
[Black "Troberg Eskola, Love"]
[Result "0-1"]
[TimeControl "15 minutes + 5 seconds per move from move one (Round 1 - 4) / 90 minutes + 30 seconds per move from move one (Round 5 - 8)"]
[WhiteFideId "1730592"]
[BlackFideId "1724185"]
[WhiteElo "1868"]
[BlackElo "2134"]

1. c4 g6 2. g3 Bg7 3. Bg2 e5 4. Nc3 Ne7 5. e4 Nbc6 6. Nge2 d6 7. d3 O-O 8. O-O f5 9. f4 Be6 10. fxe5 dxe5 11.
Be3 Nd4 12. Nd5 Nxe2+ 13. Qxe2 Nc6 14. exf5 Bxf5 15. Bc5 Nd4 16. Qd2 Re8 17. Rae1 c6 18. Ne3 Bxd3 19. Rf2 e4 20. Kh1 b6 21.
Bb4 Qd7 22. Bf1 Bxf1 23. Rexf1 Rad8 24. c5 Nf3 25. Qxd7 Rxd7 26. cxb6 axb6 27. Bc3 Bxc3 28. bxc3 Rd3 29. Re2 Rxc3 30.
Ng4 Kg7 31. Kg2 Nd4 32. Ree1 Nf5 33. Rf4 h5 34. Nf2 e3 35. Ne4 Rc2+ 36. Kg1 e2 37. Kf2 Rxa2 38. Rxe2 Rxe2+ 39. Kxe2 Nd6 40.
Kd3 Nxe4 0-1

[Event "SS Manhem Chess Week 2019 Goteborg Open"]
[Site "Molnlycke kulturhus, Biblioteksgatan 2, Molnlycke, Sweden"]
[Date "2019.08.16"]
[Round "3.15"]
[White "Eriksson, Kristian"]
[Black "Knutsson, Hakan"]
[Result "1-0"]
[TimeControl "15 minutes + 5 seconds per move from move one (Round 1 - 4) / 90 minutes + 30 seconds per move from move one (Round 5 - 8)"]
[WhiteFideId "1705172"]
[BlackFideId "1706810"]
[WhiteElo "2113"]
[BlackElo "1848"]

1. e4 c5 2. Nc3 e6 3. Nf3 Nc6 4.
Bb5 Qc7 5. O-O a6 6. Bxc6 Qxc6 7. d4 Nf6 8. d5 exd5 9. exd5 Qb6 10. Re1+ Kd8 11. Ng5 Kc7 12. Nxf7 Rg8 13. Bf4+ d6 14.
b3 Bd7 15. a4 a5 16. Ng5 h6 17. Nb5+ Bxb5 18. Ne6+ Kb8 19. axb5 g5 20. Bg3 Ka7 21. c4 Nh5 22. Qxh5 1-0

[Event "SS Manhem Chess Week 2019 Goteborg Open"]
[Site "Molnlycke kulturhus, Biblioteksgatan 2, Molnlycke, Sweden"]
[Date "2019.08.16"]
[Round "3.16"]
[White "Hattab, Hashim"]
[Black "Pettersson, Anders"]
[Result "0-1"]
[TimeControl "15 minutes + 5 seconds per move from move one (Round 1 - 4) / 90 minutes + 30 seconds per move from move one (Round 5 - 8)"]
[WhiteFideId "1721798"]
[BlackFideId "1715143"]
[WhiteElo "1868"]
[BlackElo "2104"]

1. d4 d5 2. c4 e6 3. cxd5 exd5 4.
Nc3 c6 5. Nf3 Bf5 6. e3 Nf6 7. Bd3 Bxd3 8. Qxd3 Bd6 9. h3 O-O 10. Ne5 Re8 11. f4 Nfd7 12. O-O f6 13. Ng4 Nf8 14. Bd2 Nbd7 15. Rf3 Nb6 16.
b3 a5 17. Rg3 Kh8 18. a4 Qe7 19. Ne2 Nbd7 20.
Nf2 Ng6 21. Qf5 Ndf8 22. Qh5 Qd7 23. Rg4 f5 24. Rg5 Ne7 25. Qf7 g6 26. Ng3 Qe6 27. Qxe6 Nxe6 28. Ne2 Nxg5 29. fxg5 Nc8 30. Nd3 Nb6 31.
Nef4 Nd7 32. h4 Kg7 33. Kf2 Nf8 34. h5 Ne6 35. g3 Nxf4 36. gxf4 Rec8 37. Ne5 Bxe5 38. h6+ Kf7 39. fxe5 Ke6 40. Kg3 c5 41. Bc3 cxd4 42.
Bxd4 Rc2 43. Rb1 Rc7 44. b4 axb4 45. Rxb4 Ra6 46. Kf4 b6 47. Kf3 Rc6 48. Kf4 Rc4 49.
Rb5 Rcxa4 50. Kf3 R4a5 51. Rb1 b5 52. Rc1 Kd7 53. Rc5 b4 54. e6+ Kxe6 55. Rc8 Rd6 56. Rb8 Ra4 57. Rb7 Rd7 58.
Rb6+ Ke7 59. Kf4 Ke8 60. Rb8+ Rd8 61. Rb7 Rd7 62. Rb6 Ra8 63. Rxb4 Rc8 64. Rb6 Re7 65. Rd6 Re4+ 66. Kf3 Rd8 67. Rb6 Rg4 68. Bf6 Rd7 69. Rb8+ Kf7 70. Rh8 Ke6 71.
Re8+ Kd6 72. Rg8 Rh4 73. Rg7 Ke6 74. Rg8 Rh3+ 75. Kf2 f4 76. exf4 d4 77. Re8+ Kf5 78. Be5 d3 0-1

[Event "SS Manhem Chess Week 2019 Goteborg Open"]
[Site "Molnlycke kulturhus, Biblioteksgatan 2, Molnlycke, Sweden"]
[Date "2019.08.16"]
[Round "3.17"]
[White "Lacko, Pavel"]
[Black "Westerlund, Ola"]
[Result "0-1"]
[TimeControl "15 minutes + 5 seconds per move from move one (Round 1 - 4) / 90 minutes + 30 seconds per move from move one (Round 5 - 8)"]
[WhiteFideId "1701274"]
[BlackFideId "1712101"]
[WhiteElo "2081"]
[BlackElo "1845"]

1. Nf3 d6 2. d4 f5 3. g3 Nf6 4. Bg2 e6 5. c4 Be7 6. Nc3 O-O 7. O-O a5 8. Qc2 Nc6 9. a3 e5 10.
d5 Nb8 11. Rb1 Qe8 12. b4 Qh5 13. e3 f4 14. exf4 Bf5 15. Qb3 a4 16. Qb2 Bxb1 17. Qxb1 Nbd7 18. Re1 Nb6 19. Qa2 Kh8 20.
fxe5 Ng4 21. exd6 Bxd6 22. h3 Ne5 23. Nxe5 Bxe5 24. Ne4 Rae8 25. Ng5 Bd4 26. Rxe8 Rxe8 27. Ne6 Qd1+ 28. Kh2 Qxc1 29.
Nxd4 Qxc4 30. Qd2 Nxd5 31. Nf5 Nf6 32. Qg5 Qf7 33. Bxb7 Ne4 34. Qf4 Nd6 35. Nxd6 Qxf4 36. gxf4 cxd6 37.
Bc6 Re2 38. Kg3 Ra2 39. b5 Rxa3+ 40. Kg4 Rb3 41. Kf5 a3 0-1

[Event "SS Manhem Chess Week 2019 Goteborg Open"]
[Site "Molnlycke kulturhus, Biblioteksgatan 2, Molnlycke, Sweden"]
[Date "2019.08.16"]
[Round "3.18"]
[White "Ziegler, Nathalie"]
[Black "Torngren, Gustav"]
[Result "0-1"]
[TimeControl "15 minutes + 5 seconds per move from move one (Round 1 - 4) / 90 minutes + 30 seconds per move from move one (Round 5 - 8)"]
[WhiteFideId "1715984"]
[BlackFideId "1728970"]
[WhiteElo "1846"]
[BlackElo "2061"]

1. Nf3 g6 2. c4 Bg7 3.
d4 c5 4. Nc3 cxd4 5. Nxd4 Nc6 6.
e3 Nf6 7. g3 d6 8. Bg2 Bd7 9. O-O O-O 10. b3 Nxd4 11. exd4 Bc6 12. d5 Bd7 13. Bg5 h6 14. Bd2 a6 15.
Rc1 b5 16. Ne4 Nxe4 17. Bxe4 bxc4 18. bxc4 Qc7 19. Bc3 Bxc3 20. Rxc3 Qc5 21. Qc2 Kg7 22. Rb3 Rfc8 23. Qb2+ f6 24.
Bd3 Ra7 25. Rb8 Rac7 26. Rxc8 Bxc8 27. Qc2 a5 28. Re1 Ba6 29. Qa4 Kf7 30. Qc2 Bxc4 31. Bxg6+ Kg7 32. Be8 Bxd5 33. Qg6+ Kf8 34.
Ba4 Qc1 35. Rd1 Bf7 36. Qg4 Qg5 37. Qe4 Kg7 38. h4 Qg6 39. Qa8 Qg4 40. Qd8 Qxa4 41. Re1 Qd7 42. Qa8 Rc5 43. Qf3 Re5 44.
Rb1 Qf5 45. Qxf5 Rxf5 46. f4 Bxa2 47. Rb7 Kf7 48. Kf2 Rc5 49.
Rb2 Be6 50. Ke3 h5 51. Kd4 Rc4+ 52. Ke3 Rc3+ 53. Kf2 Rb3 54.
Rd2 a4 0-1

[Event "SS Manhem Chess Week 2019 Goteborg Open"]
[Site "Molnlycke kulturhus, Biblioteksgatan 2, Molnlycke, Sweden"]
[Date "2019.08.16"]
[Round "4.2"]
[White "Wiedenkeller, Michael"]
[Black "Ahlander, Bjorn"]
[Result "1-0"]
[TimeControl "15 minutes + 5 seconds per move from move one (Round 1 - 4) / 90 minutes + 30 seconds per move from move one (Round 5 - 8)"]
[WhiteTitle "IM"]
[BlackTitle "IM"]
[WhiteFideId "1700146"]
[BlackFideId "1700251"]
[WhiteElo "2456"]
[BlackElo "2390"]

1. d4 Nf6 2. c4 e6 3.
Nc3 Bb4 4. Qc2 d5 5. a3 Bxc3+ 6. Qxc3 O-O 7. Nf3 dxc4 8.
Qxc4 b6 9. Bg5 Ba6 10. Qa4 Qd7 11. Qxd7 Nbxd7 12. e3 Bxf1 13. Rxf1 c5 14. Ke2 Rac8 15. Rac1 h6 16. Bf4 Rfd8 17.
dxc5 Nxc5 18. Rfd1 Nd5 19. Bg3 Nb3 20. Rxc8 Rxc8 21. Nd4 Nxd4+ 22. Rxd4 f5 23. Kd2 b5 24. f3 a6 25. e4 fxe4 26. fxe4 Nb6 27. b3 Rc6 28. Rd6 Rxd6+ 29. Bxd6 Nd7 30. Kc3 e5 31. Kb4 Kf7 32. Ka5 Ke6 33.
Bb4 Nb8 34. Kb6 Kd7 35. Bf8 h5 36. Bxg7 Nc6 37. Kxa6 Nd4 38. Bxe5 Nxb3 39. Kxb5 Nd2 40. a4 Nxe4 41. a5 Ke6 42.
a6 Kxe5 43. a7 Nd6+ 44. Kc6 1-0

[Event "SS Manhem Chess Week 2019 Goteborg Open"]
[Site "Molnlycke kulturhus, Biblioteksgatan 2, Molnlycke, Sweden"]
[Date "2019.08.16"]
[Round "4.3"]
[White "Kockum, Anton Frisk"]
[Black "Le, Quang Long"]
[Result "0-1"]
[TimeControl "15 minutes + 5 seconds per move from move one (Round 1 - 4) / 90 minutes + 30 seconds per move from move one (Round 5 - 8)"]
[WhiteTitle "FM"]
[BlackTitle "IM"]
[WhiteFideId "1709143"]
[BlackFideId "12401749"]
[WhiteElo "2367"]
[BlackElo "2411"]

1. d4 Nf6 2. c4 c5 3. d5 e6 4. Nc3 exd5 5. cxd5 d6 6. e4 a6 7. a4 g6 8. h3 Bg7 9. Nf3 O-O 10. Bd3 Nbd7 11. Bf4 Qe7 12. O-O Nh5 13.
Bh2 Bh6 14. Re1 f6 15. Bf1 Ne5 16. Nd2 Bd7 17. Kh1 Rab8 18. a5 Bf4 19. Nc4 Bxh2 20. Kxh2 b5 21. axb6 Nxc4 22. Bxc4 Rxb6 23.
Qd2 Rfb8 24. b3 Qe5+ 25. g3 Bb5 26. f4 Qe7 27. Bxb5 axb5 28. g4 Ng7 29. e5 fxe5 30. fxe5 b4 31. Na4 Ra6 32. e6 Qf6 33. Rf1 Qe5+ 34. Qf4 Qxf4+ 35. Rxf4 g5 36. Rf7 c4 37. Raf1 cxb3 38. e7 Raa8 39.
Nb6 Ra2+ 40. Kg3 Ne8 41. Rf8+ Kg7 42.
Nd7 Rc8 43. R1f7+ Kh6 44. Rh8 Rc3+ 45. Rf3 b2 46. Nf8 b1=Q 0-1

[Event "SS Manhem Chess Week 2019 Goteborg Open"]
[Site "Molnlycke kulturhus, Biblioteksgatan 2, Molnlycke, Sweden"]
[Date "2019.08.16"]
[Round "4.4"]
[White "Petersson, Baldur Teodor"]
[Black "Vypkhaniuk, Ihor"]
[Result "0-1"]
[TimeControl "15 minutes + 5 seconds per move from move one (Round 1 - 4) / 90 minutes + 30 seconds per move from move one (Round 5 - 8)"]
[WhiteTitle "CM"]
[BlackTitle "FM"]
[WhiteFideId "2309157"]
[BlackFideId "14112256"]
[WhiteElo "2255"]
[BlackElo "2405"]

1. e4 c5 2. Nf3 Nc6 3. d3 Nf6 4. Nbd2 d5 5. g3 Bg4 6. Bg2 e6 7. O-O Be7 8. c3 Qc7 9. Re1 O-O 10. Qc2 Rfd8 11. a3 dxe4 12.
dxe4 b5 13. Nf1 c4 14. Bg5 Bxf3 15. Bxf3 Ne5 16. Bg2 Nd3 17. Re2 Ng4 18. Bxe7 Qxe7 19. h3 Nge5 20. f4 Nd7 21. e5 Rab8 22. Nd2 N7c5 23. Ne4 Nxe4 24.
Bxe4 Qc5+ 25. Kg2 Rd7 26. a4 b4 27. cxb4 Rxb4 28. Bxd3 Rxd3 29. Kh2 Rbb3 30. Rd1 h5 31. Rxd3 Rxd3 32.
h4 Qd5 33. Rg2 g6 34. Qf2 a5 35. Qc2 Rd1 36. Qe2 Qd4 37. Qf3 Kg7 38. Qc3 Qd5 39. Qa3 Qe4 40. Qc3 Qb1 41. g4 hxg4 42.
Qxc4 Rh1+ 43. Kg3 Rh3+ 44. Kxg4 Qf5# 0-1

[Event "SS Manhem Chess Week 2019 Goteborg Open"]
[Site "Molnlycke kulturhus, Biblioteksgatan 2, Molnlycke, Sweden"]
[Date "2019.08.16"]
[Round "4.5"]
[White "Carlsson, Ludvig"]
[Black "Ask, Josef"]
[Result "1-0"]
[TimeControl "15 minutes + 5 seconds per move from move one (Round 1 - 4) / 90 minutes + 30 seconds per move from move one (Round 5 - 8)"]
[WhiteTitle "CM"]
[BlackTitle "FM"]
[WhiteFideId "1727010"]
[BlackFideId "1704583"]
[WhiteElo "2234"]
[BlackElo "2136"]

1. d4 Nf6 2. c4 g6 3. Nc3 Bg7 4.
e4 d6 5.
Be2 O-O 6. Nf3 e5 7. dxe5 dxe5 8. Qxd8 Rxd8 9. Bg5 Rf8 10. Nd5 Nxd5 11. cxd5 c6 12. O-O cxd5 13. exd5 e4 14. Nd2 f5 15.
Rac1 Bxb2 16. Rc7 Be5 17. d6 Nd7 18. Bc4+ Kh8 19. Be7 Kg7 20. Be6 Nf6 21. Bxf8+ Kxf8 22. Rxc8+ Rxc8 23. Bxc8 Bxd6 24.
Bxb7 Ng4 25. h3 Ne5 26. Rd1 Bc5 27. Nxe4 fxe4 28. Bxe4 Bb6 29. Rd5 Nf7 30. Rd7 Ke8 31. Bc6 Ne5 32.
Rxa7+ Nxc6 33. Ra6 Bd4 34. Rxc6 Kd7 35. Rc4 Bb6 36. Kf1 Kd6 37. f3 Kd5 38. Re4 Bc5 39. Ke2 Kd6 40. Kd3 Kd5 41. a4 Bb6 42. Rh4 h5 43.
Rb4 Bf2 44. a5 Kc5 45. Rb2 Bg1 46. a6 Kc6 47. Ke4 Ba7 48. Rb1 Bf2 49. Ke5 g5 50. Kf5 Be3 51. Rb3 Bd2 52. a7 1-0

[Event "SS Manhem Chess Week 2019 Goteborg Open"]
[Site "Molnlycke kulturhus, Biblioteksgatan 2, Molnlycke, Sweden"]
[Date "2019.08.16"]
[Round "4.6"]
[White "Blomqvist, Erik"]
[Black "Andersson, Lars"]
[Result "1-0"]
[TimeControl "15 minutes + 5 seconds per move from move one (Round 1 - 4) / 90 minutes + 30 seconds per move from move one (Round 5 - 8)"]
[WhiteTitle "GM"]
[WhiteFideId "1709437"]
[BlackFideId "1706772"]
[WhiteElo "2507"]
[BlackElo "2003"]

1. e4 c6 2. d4 d5 3. exd5 cxd5 4. Bd3 Nc6 5. c3 Qc7 6. Ne2 Bg4 7. O-O Nf6 8. Qe1 Bxe2 9.
Qxe2 e6 10. Bg5 Be7 11. Nd2 O-O 12. Nf3 Rac8 13. Rfe1 Nd7 14. Be3 Bf6 15. Rad1 Rfe8 16. g3 g6 17. Bf4 Qb6 18. Kg2 Bg7 19.
h4 e5 20. dxe5 Ndxe5 21. h5 Re7 22. h6 Bh8 23. Nxe5 Nxe5 24. Bb5 a6 25. Ba4 Qe6 26. Qd2 1-0

[Event "SS Manhem Chess Week 2019 Goteborg Open"]
[Site "Molnlycke kulturhus, Biblioteksgatan 2, Molnlycke, Sweden"]
[Date "2019.08.16"]
[Round "4.7"]
[White "Hector, Jonny"]
[Black "Eriksson, Kristian"]
[Result "1-0"]
[TimeControl "15 minutes + 5 seconds per move from move one (Round 1 - 4) / 90 minutes + 30 seconds per move from move one (Round 5 - 8)"]
[WhiteTitle "GM"]
[WhiteFideId "1700090"]
[BlackFideId "1705172"]
[WhiteElo "2493"]
[BlackElo "2113"]

1. e4 e5 2. Nf3 Nc6 3. Bc4 Nf6 4. Qe2 Be7 5. d4 d6 6. dxe5 Nxe5 7. Nxe5 dxe5 8. O-O O-O 9. Bg5 c6 10.
Nd2 Qb6 11. Bb3 Bg4 12. Qe1 Rad8 13. Nc4 Qc7 14. f4 exf4 15. Bxf4 Qc8 16. Bg5 Rfe8 17. e5 Nd5 18. Qh4 Qe6 19.
Bxe7 Rxe7 20. Rae1 Bf5 21. Nd6 Bg6 22. Nxb7 Rde8 23. Nd6 Rb8 24. c4 Nb4 25. c5 Qd7 26. Qd4 Nc2 27. Bxc2 Bxc2 28.
Rxf7 Rxf7 29. e6 Qc7 30.
exf7+ 1-0

[Event "SS Manhem Chess Week 2019 Goteborg Open"]
[Site "Molnlycke kulturhus, Biblioteksgatan 2, Molnlycke, Sweden"]
[Date "2019.08.16"]
[Round "4.8"]
[White "Pettersson, Anders"]
[Black "Nilsson, Joakim"]
[Result "0-1"]
[TimeControl "15 minutes + 5 seconds per move from move one (Round 1 - 4) / 90 minutes + 30 seconds per move from move one (Round 5 - 8)"]
[BlackTitle "FM"]
[WhiteFideId "1715143"]
[BlackFideId "1723383"]
[WhiteElo "2104"]
[BlackElo "2319"]

1. d4 d5 2. c4 e6 3. Nc3 Be7 4. Nf3 Nf6 5. Bg5 h6 6. Bh4 O-O 7. e3 Ne4 8. Bxe7 Qxe7 9. Qb3 c6 10. Bd3 Nxc3 11. Qxc3 Nd7 12. O-O Re8 13. Rac1 dxc4 14.
Bxc4 b6 15. Ne5 Nxe5 16. dxe5 Bb7 17. f4 c5 18. Be2 Red8 19. Rcd1 Rxd1 20. Rxd1 Rd8 21. Qc2 Qc7 22. Rd2 Rd7 23. Qd1 Bc6 24. Kf2 Kf8 25. Bf3 Ke7 26.
Rxd7+ Qxd7 27. Qxd7+ Kxd7 28. e4 Bb5 29. Ke3 Bc4 30. a3 b5 31. f5 g6 32. g4 g5 33. Kd2 a5 34. Kc3 Bf1 35.
b4 cxb4+ 36. axb4 a4 37. Kb2 Bc4 38. Ka3 Ke7 39. Kb2 f6 40. Ka3 exf5 41. exf5 fxe5 42. Bc6 Bd3 43. Bd5 e4 44.
Kb2 e3 45. Kc3 Bf1 46. Ba2 Kf6 47.
Bg8 a3 48. Ba2 Bc4 49. Bxc4 bxc4 50. b5 e2 51. Kd2 a2 0-1

[Event "SS Manhem Chess Week 2019 Goteborg Open"]
[Site "Molnlycke kulturhus, Biblioteksgatan 2, Molnlycke, Sweden"]
[Date "2019.08.16"]
[Round "4.9"]
[White "Rydstrom, Tom"]
[Black "Troedsson, Anton"]
[Result "1-0"]
[TimeControl "15 minutes + 5 seconds per move from move one (Round 1 - 4) / 90 minutes + 30 seconds per move from move one (Round 5 - 8)"]
[WhiteTitle "FM"]
[WhiteFideId "1714830"]
[BlackFideId "1746006"]
[WhiteElo "2314"]
[BlackElo "2045"]

1. e4 c6 2. d4 d5 3. e5 Bf5 4.
Nc3 e6 5. g4 Bg6 6. Nge2 Nd7 7. Nf4 c5 8. Bb5 cxd4 9. Qxd4 a6 10. Bxd7+ Qxd7 11. Be3 Rc8 12. O-O-O b5 13. a3 a5 14.
Nxg6 hxg6 15. Qd3 Rc4 16. Bd4 Nh6 17. f3 Be7 18. h4 Qb7 19. Kb1 b4 20. axb4 Rxb4 21. Ne2 a4 22. Bc3 Rb6 23. Bd4 Rb4 24. h5 g5 25.
Rhg1 Kd7 26. Bc3 Rb6 27. Qd4 Ra8 28. Rgf1 Rb5 29. f4 Bc5 30. Qd3 Nxg4 31. fxg5 Ke8 32. g6 f5 33. exf6 Nxf6 34.
Rxf6 gxf6 35. g7 Rxb2+ 36. Bxb2 a3 37. g8=Q+ Bf8 38. Qxe6+ 1-0